 Dungeon Crawl Stone Soup version 0.23.2-1-ga50397a (webtiles) character file.

Game seed: 8305957830858964051

289 TrebMcFLY the Chopper (level 6, -5/57 HPs)
             Began as a Deep Dwarf Fighter on June 2, 2019.
             Slain by an ogre
             ... wielding a +0 giant club
              (17 damage)
             ... on level 2 of the Dungeon.
             The game lasted 00:06:32 (1537 turns).

TrebMcFLY the Chopper (Deep Dwarf Fighter)          Turns: 1537, Time: 00:06:33

Health: -5/57      AC:  9    Str: 22    XL:     6   Next: 9%
Magic:  6/6        EV:  6    Int:  8    God:
Gold:   86         SH:  9    Dex: 12    Spells: 5/5 levels left

rFire    . . .     SeeInvis .   a - +0 war axe
rCold    . . .     Gourm    .   c - +0 shield
rNeg     . . .     Faith    .   h - +0 chain mail
rPois    .         Spirit   .   (no helmet)
rElec    .         Reflect  .   (no cloak)
rCorr    .         Harm     .   (no gloves)
MR       .....                  (no boots)
Stlth    ..........             (no amulet)
HPRegen  0.00/turn              (no ring)
MPRegen  0.10/turn              (no ring)

@: non-regenerating
A: damage resistance, heal wounds, sense surroundings 1, no regeneration
a: Heal Wounds


You were on level 2 of the Dungeon.
You were not hungry.

You visited 1 branch of the dungeon, and saw 3 of its levels.

You collected 86 gold pieces.

Inventory:

Hand Weapons
 a - a +0 war axe (weapon)
Armour
 c - a +0 shield (worn)
 h - a +0 chain mail (worn)
 n - a +2 robe of magic resistance
Scrolls
 b - a scroll of noise {unknown}
 e - 2 scrolls of immolation {unknown}
 i - 2 scrolls of amnesia {unknown}
 o - 2 scrolls of identify {unknown}
 q - a scroll of remove curse {unknown}
Potions
 d - a potion of might
 j - a potion of ambrosia {unknown}
 k - 2 potions of flight {unknown}
 l - a potion of degeneration {unknown}
 m - a potion of heal wounds {unknown}
 p - a potion of agility {unknown}
 r - a potion of lignification {unknown}
Comestibles
 f - 4 rations
 g - 2 chunks of flesh


   Skills:
 + Level 3.8 Fighting
 * Level 5.1 Axes
 + Level 4.0 Armour
 - Level 1.4 Dodging
 + Level 3.7 Shields


You had 5 spell levels left.
You didn't know any spells.
Your spell library was empty.

Dungeon Overview and Level Annotations

Branches:
Dungeon (3/15)

Altars:
Sif Muna


Innate Abilities, Weirdness & Mutations

You are resistant to damage.
You can heal yourself by infusing magical energy.
You passively map a small area around you.
You do not regenerate.


Message History

The kobold throws a stone.
The stone hits you but does no damage.
Found a dagger, a club and a scroll labeled LEIDDO VURRIE.
Found a stone staircase leading down.
There is a stone staircase leading up, spattered with blood here.
You see here a stone.
You block the hobgoblin's attack. The ogre hits you with a +0 giant club!
* * * LOW HITPOINT WARNING * * *
The kobold throws a stone.
The stone barely misses you.
You climb upwards.
There is a stone staircase leading down here.
Unknown command.
You barely miss the hobgoblin. You slash the ogre!
The hobgoblin hits you but does no damage.
The ogre barely misses you.
The hobgoblin hits you but does no damage.
You slash the hobgoblin!
You kill the hobgoblin!
You slash the ogre!
The ogre hits you with a +0 giant club!!
You die...

########### #.........#
#.###.###.# # #.# #.# #.# #
#####.###'###.# #
#.......+_###.############
###.###.###+###O@)..(......#
........# #.# #.##########.#
........###.###.# #.#
#######.........# #.# #
####......# #.# # ##...####
#.# # #....# #.# # #.#.##
#.# # #.#.# #.#


You could see an ogre.

Vanquished Creatures
  Sigmund (D:2)
  Jessica (D:2)
  6 adders (D:2)
  A dart slug (D:1)
  3 giant cockroaches
  6 goblins
  8 hobgoblins
  5 kobolds
  2 quokkas (D:2)
  4 ball pythons
  5 bats
  3 frilled lizards (D:1)
  5 rats
50 creatures vanquished.

Notes
Turn   | Place    | Note
-------+----------+-------------------------------------------
     0 | D:1      | TrebMcFLY the Deep Dwarf Fighter began the quest for the
                  | Orb.
     0 | D:1      | Reached XP level 1. HP: 20/20 MP: 1/1
   110 | D:1      | Reached XP level 2. HP: 27/27 MP: 2/2
   303 | D:1      | Reached skill level 3 in Axes
   669 | D:2      | Reached XP level 3. HP: 27/34 MP: 3/3
   789 | D:2      | Noticed Jessica
   809 | D:2      | Killed Jessica
   809 | D:2      | Reached skill level 4 in Axes
   809 | D:2      | Reached XP level 4. HP: 25/42 MP: 4/4
   855 | D:2      | Noticed Sigmund
   881 | D:2      | Killed Sigmund
   881 | D:2      | Reached skill level 5 in Axes
   881 | D:2      | Reached skill level 1 in Dodging
   881 | D:2      | Reached XP level 5. HP: 15/50 MP: 5/5
  1005 | D:2      | Reached XP level 6. HP: 44/57 MP: 6/6
  1273 | D:2      | Found a deep blue altar of Sif Muna.
  1537 | D:2      | Slain by an ogre

Skill      XL: |  1  2  3  4  5 |
---------------+----------------+-----
Axes           | 3 4 5 |  5.1
Fighting       | 3 |  3.8
Dodging        | 1 |  1.4
Armour         | 4 |  4.0
Shields        | |  3.7

Action                   |  1- 3 |  4- 6 || total
-------------------------+-------+-------++-------
Melee: War axe           |   148 |    72 ||   220
 Abil: Heal Wounds       |       |     1 ||     1
  Eat: Chunk             |       |     3 ||     3
Armor: Scale mail        |    17 |       ||    17
       Chain mail        |    68 |    27 ||    95
Dodge: Dodged            |    38 |    10 ||    48
Block: Shield            |    78 |    28 ||   106
